 Dungeon Sprint DCSS version 0.24.0-1-gfbc8707 (webtiles) character file.

Game seed: 11101131528500169222, levelgen mode: deterministic

180036 Fang the Conqueror (level 18, -19/217 HPs)
             Began as a Gargoyle Berserker on Nov 1, 2019.
             Was the Champion of Trog.
             Killed from afar by an ice dragon (20 damage)
             ... with a blast of cold
             ... in the Dungeon (Sprint V: "Ziggurat Sprint").
             The game lasted 00:13:51 (2803 turns).

Fang the Conqueror (Gargoyle Berserker)             Turns: 2803, Time: 00:13:51

Health: -19/217    AC: 63    Str: 31    XL:     18   Next: 25%
Magic:  6/6        EV: 11    Int: 13    God:    Trog [******]
Gold:   0          SH: 37    Dex:  9    Spells: 17/17 levels left

rFire    . . .     SeeInvis +   Q - +10 broad axe of the First Wonders {antimagic, +Inv MR+}
rCold    . . .     Gourm    .   E - +18 shield of the Gong {rElec rN+ MR+ EV-5}
rNeg     + + +     Faith    .   b - +15 Maxwell's patent armour {-Cast -Tele rElec MR+ rCorr}
rPois    ∞         Spirit   .   C - +2 helmet {SInv}
rElec    +         Reflect  .   W - +2 cloak "Akucuuh" {+Inv MR+ Regen+}
rCorr    +         Harm     .   V - +2 pair of gloves of the Original Sin {rN+}
MR       +++++     NoTele   +   R - +2 pair of boots {run} Stlth ..........NoCast +
                                z - amulet of regeneration
HPRegen  2.26/turn              y - ring of fire
MPRegen  0.10/turn              x - ring of Byruem {Ice rPois Int+2 Slay+2}

@: berserking, flying, regenerating, very quick
A: big wings, negative energy resistance 1, electricity resistance, unbreathing,
petrification resistance, rot immunity, AC +13
a: Stop Flying, Berserk, Trog's Hand, Brothers in Arms, Renounce Religion, Evoke
Invisibility


You were in the Dungeon.
You worshipped Trog.
Trog was exalted by your worship.
You were near starving.

You visited 1 branch

Inventory:

Hand Weapons
 a - a +5 vampiric broad axe
 H - a +2 broad axe of flaming
 Q - the +10 broad axe of the First Wonders (weapon) {antimagic, +Inv MR+}
   (You found it in the Dungeon)

   It reduces the magical energy of the wielder, and disrupts the spells and
   magical abilities of those hit.
   Natural abilities and divine invocations are not affected.
   It affects your resistance to hostile enchantments.
   It lets you turn invisible.
 T - the +4 broad axe of Diod {chop, rPois Str-5 Dex+7 SInv}
   (Trog gifted it to you in the Dungeon)

   It inflicts extra damage upon your enemies.
   It affects your strength (-5).
   It affects your dexterity (+7).
   It protects you from poison.
   It lets you see invisible.
 Y - a +4 broad axe of chopping
Armour
 b - the +15 Maxwell's patent armour (worn) {-Cast -Tele rElec MR+ rCorr}
   (You found it in the Dungeon)

   It insulates you from electricity.
   It affects your resistance to hostile enchantments.
   It prevents spellcasting.
   It prevents most forms of teleportation.
   It provides partial protection from all sources of acid and corrosion.
 C - a +2 helmet of see invisible (worn)
 E - the +18 shield of the Gong (worn) {rElec rN+ MR+ EV-5}
   (You found it in the Dungeon)

   It affects your evasion (-5).
   It insulates you from electricity.
   It protects you from negative energy.
   It affects your resistance to hostile enchantments.
 R - a +2 pair of boots of running (worn)
 S - the +2 pair of boots of Greed {rF+}
   (You found it in the Dungeon)

   It protects you from fire.
 V - the +2 pair of gloves of the Original Sin (worn) {rN+}
   (You found it in the Dungeon)

   It protects you from negative energy.
 W - the +2 cloak "Akucuuh" (worn) {+Inv MR+ Regen+}
   (You found it in the Dungeon)

   It affects your resistance to hostile enchantments.
   It lets you turn invisible.
   It increases your rate of regeneration.
 X - the +2 pair of gloves "Pefafola" {MR+}
   (You found it in the Dungeon)

   It affects your resistance to hostile enchantments.
Jewellery
 o - the ring of Bomigeis {MR+ rCorr}
   (You found it in the Dungeon)

   [ring of resist corrosion]

   It affects your resistance to hostile enchantments.
   It provides partial protection from all sources of acid and corrosion.
 r - a +3 ring of evasion
 x - the ring of Byruem (right hand) {Ice rPois Int+2 Slay+2}
   (You found it in the Dungeon)

   [ring of ice]

   It enhances your ice magic.
   It affects your intelligence (+2).
   It affects your accuracy and damage with ranged weapons and melee attacks
   (+2).
   It makes you vulnerable to fire.
   It protects you from cold.
   It protects you from poison.
 y - a ring of fire (left hand)
 z - an amulet of regeneration (around neck)
 A - the amulet of Xom's Absentmindedness {RegenMP rC+}
   (You found it in the Dungeon)

   [amulet of magic regeneration]

   It increases your magic regeneration.
   It protects you from cold.
 D - an uncursed ring of protection from magic
 F - the ring of Hupt {rC+++ rN+ rCorr Dex-4}
   (You found it in the Dungeon)

   [ring of resist corrosion]

   It affects your dexterity (-4).
   It renders you almost immune to cold.
   It protects you from negative energy.
   It provides partial protection from all sources of acid and corrosion.
 G - the ring of Zuar {Wiz +Blink SInv}
   (You took it off a necromancer in the Dungeon)

   [ring of wizardry]

   It improves your spell success rate.
   It lets you see invisible.
   It lets you blink.
 I - the ring "Kautemer" {*Contam rN+ MP+9 EV+1 Int+3}
   (You took it off a white draconian in the Dungeon)

   [ring of evasion]

   It affects your evasion (+1).
   It affects your intelligence (+3).
   It protects you from negative energy.
   It affects your magic capacity (+9).
   It causes magical contamination when unequipped.
 J - the ring "Zughais" {Int+2 Dex+2}
   (You took it off a vampire knight in the Dungeon)

   [ring of dexterity]

   It affects your intelligence (+2).
   It affects your dexterity (+2).
 K - the amulet of the Skies Above {Acrobat rC+ Str-3 Int+2 Dex+8}
   (You found it in the Dungeon)

   [amulet of the acrobat]

   It helps you evade while moving and waiting.
   It affects your strength (-3).
   It affects your intelligence (+2).
   It affects your dexterity (+8).
   It protects you from cold.
 L - the amulet of the Saviour {Harm *Drain rF+ Str+2 Int+8 Dex-3}
   (You found it in the Dungeon)

   [amulet of harm]

   It increases damage dealt and taken.
   It affects your strength (+2).
   It affects your intelligence (+8).
   It affects your dexterity (-3).
   It protects you from fire.
   It causes draining when unequipped.
 M - an uncursed ring of protection from magic
 O - the ring "Kiriw" {MP+9 Str+5 Int+10 Dex-5}
   (You found it in the Dungeon)

   [ring of strength]

   It affects your strength (+5).
   It affects your intelligence (+10).
   It affects your dexterity (-5).
   It affects your magic capacity (+9).
 P - the ring of Zin's Regard {rElec rN++ Str+3 Dex+4 Slay-2}
   (You found it in the Dungeon)

   [ring of dexterity]

   It affects your strength (+3).
   It affects your dexterity (+4).
   It affects your accuracy and damage with ranged weapons and melee attacks
   (-2).
   It insulates you from electricity.
   It greatly protects you from negative energy.
 U - the ring "Etzul" {rC+ rCorr Str+8}
   (You found it in the Dungeon)

   [ring of resist corrosion]

   It affects your strength (+8).
   It protects you from cold.
   It provides partial protection from all sources of acid and corrosion.
Wands
 u - a wand of disintegration (7)
 v - a wand of iceblast (7)
 w - a wand of acid (7)
Scrolls
 i - 4 scrolls of blinking
 j - 7 scrolls of fog
 k - 2 scrolls of holy word
 l - 4 scrolls of identify
 m - 5 scrolls of remove curse
 n - 2 scrolls of fear
 B - 3 scrolls of brand weapon
 N - a scroll of enchant armour
Potions
 d - 10 potions of curing
 e - 6 potions of heal wounds
 f - 10 potions of haste
 h - 3 potions of berserk rage
 p - 2 potions of invisibility
 q - 4 potions of resistance
 s - 8 potions of agility
 t - 6 potions of might
Comestibles
 c - 8 rations
 g - 14 chunks of flesh


   Skills:
 O Level 27 Fighting
 * Level 24.7 Axes
 + Level 20.6 Armour
 + Level 16.6 Dodging
 O Level 27 Shields


You had 17 spell levels left.
You didn't know any spells.
Your spell library was empty.

Dungeon Overview and Level Annotations

Branches:
Dungeon (1/1)

Altars:
Ashenzari
Cheibriados
Dithmenos
Elyvilon
Fedhas
Gozag
Hepliaklqana
Kikubaaqudgha
Makhleb
Nemelex Xobeh
Okawaru
Qazlal
Ru
Sif Muna
Trog
Uskayaw
Vehumet
Wu Jian
Xom
Yredelemnul
Zin
The Shining One
Beogh
Jiyva
Lugonu


Innate Abilities, Weirdness & Mutations

You are resistant to torment.
Your stone body is resilient. (AC +13)
You are immune to poison.
Your large and strong wings let you fly indefinitely.
You resist negative energy. (rN+)
You are resistant to electric shocks. (rElec)
You can survive without breathing.
You are immune to petrification.
You are immune to rotting.


Message History

The ice devil is almost dead.
You chop the ice devil into pieces!!! You slice the polar bear!!
You kill the polar bear!
Trog accepts your kill.
You slash the freezing wraith! You slash the ice beast!
You kill the ice beast!
Trog accepts your kill.
You hit the ice dragon. You chop the ice dragon into pieces!!!
You kill the ice dragon!
Trog accepts your kill.
The frost giant points at you and mumbles some strange words.
The bolt of cold hits the ice beast.
The ice beast completely resists.
The bolt of cold hits the ice devil.
The ice devil completely resists.
The bolt of cold hits you!!
* * * LOW HITPOINT WARNING * * *
The ice dragon breathes frost at you.
The blast of cold hits the freezing wraith.
The freezing wraith completely resists.
The blast of cold hits the ice dragon.
The ice dragon resists.
The blast of cold hits you!!
You die... ......▓ ▓▓▓▓▓▓▓ [}?::})})|))|)[ ......▓ [:|:})!4)||}=)) [)[|}.▓ ))}||}?WZY4Y))) )[..[.▓ ...Z.5YW1DD.... [)|}[.▓ ....C4hDh4WC... ......▓ ...YhhkWCkW1...

......▓
....W..DY§C....
......▓
....D.W@41h....
......▓
.....D2.4......
......▓
.....W.........
......▓
...............
......▓
...............
......▓
...............
.▓....▓
..▓.........▓..
▓▓▓...▓
.▓▓▓.......▓▓▓.
.▓....▓
..▓.........▓..


You could see 4 frost giants, 3 Ice Fiends, 6 ice dragons, a blizzard demon, 5
polar bears, 6 ice devils, 8 freezing wraiths, 2 rime drakes, 5 ice beasts, a
white imp, a bat simulacrum and a quokka simulacrum.

Vanquished Creatures
  A lich (D)
  3 deep elf blademasters (D)
  A quicksilver dragon (D)
  2 acid blobs (D)
  2 deep elf master archers (D)
  A tentacled starspawn (D)
  2 draconian monks (D)
  2 draconian scorchers (D)
  2 draconian knights (D)
  4 emperor scorpions (D)
  2 ghost moths (D)
  5 draconian shifters (D)
  5 ghouls (D)
  A balrug (D)
  3 draconian annihilators (D)
  2 entropy weavers (D)
  2 vampire knights (D)
  10 green draconians (D)
  7 black draconians (D)
  A purple draconian (D)
  10 white draconians (D)
  6 yellow draconians (D)
  A dire elephant (D)
  2 deep elf annihilators (D)
  6 red draconians (D)
  A crystal guardian (D)
  2 death oozes (D)
  A great orb of eyes (D)
  3 fire dragons (D)
  5 ice dragons (D)
  3 hydras (D)
  3 catoblepae (D)
  2 dancing weapons (D)
  A hell hog (D)
  3 vampire magi (D)
  2 deep elf knights (D)
  A skeletal warrior (D)
  2 swamp dragons (D)
  4 necromancers (D)
  4 orb spiders (D)
  4 deep elf magi (D)
  13 wolf spiders (D)
  2 moths of wrath (D)
  A shining eye (D)
  4 cyclopes (D)
  An elephant (D)
  5 black mambas (D)
  5 toenail golems (D)
  10 spiny frogs (D)
  2 yaktaurs (D)
  8 rime drakes (D)
  4 demonic crawlers (D)
  3 freezing wraiths (D)
  4 komodo dragons (D)
  An ice devil (D)
  11 jumping spiders (D)
  7 hornets (D)
  4 merfolk (D)
  2 polar bears (D)
  6 slime creatures (D)
  3 blink frogs (D)
  5 hippogriffs (D)
  An air elemental (D)
  A flying skull (D)
  4 shadows (D)
  12 tarantellas (D)
  A water elemental (D)
  A vampire (D)
  13 redbacks (D)
  A wraith (D)
  3 yaks (D)
  A golden eye (D)
  A fire elemental (D)
  2 wyverns (D)
  A chaos spawn (D)
  5 basilisks (D)
  3 steam dragons (D)
  3 acid dragons (D)
  9 water moccasins (D)
  4 porcupines (D)
  A hell hound (D)
  3 swamp drakes (D)
  An ice beast (D)
  An eye of draining (D)
  A necrophage (D)
  4 centaurs (D)
  4 wolves (D)
  6 crocodiles (D)
  2 bullfrogs (D)
  3 scorpions (D)
  3 wights (D)
  A crimson imp (D)
  A quasit (D)
  6 jellies (D)
  2 iron imps (D)
  2 adders (D)
  2 oozes (D)
  4 adder zombies (D)
  6 adder skeletons (D)
  A ball python (D)
  A bat zombie (D)
  A jackal (D)
  A ball python skeleton (D)
  A ball python zombie (D)
  2 giant cockroach zombies (D)
  A jackal zombie (D)
  A quokka skeleton (D)
  A starspawn tentacle (D)
354 creatures vanquished.

Vanquished Creatures (collateral kills)
  3 iron dragons (D)
  A crystal guardian (D)
  An ice dragon (D)
  4 iron golems (D)
  2 earth elementals (D)
11 creatures vanquished.

Vanquished Creatures (others)
  A hydra (D)
  An orb spider (D)
  A wyvern (D)
  2 starspawn tentacles (D)
5 creatures vanquished.

Grand Total: 370 creatures vanquished

Notes
Turn   | Place    | Note
-------+----------+-------------------------------------------
     0 | D        | Fang the Gargoyle Berserker began the quest for the Orb.
     0 | D        | Reached XP level 1. HP: 14/14 MP: 1/1
     0 | D        | Found a blossoming altar of Fedhas.
     1 | D        | Found the +6 Majin-Bo {vamp, Archmagi MP+6 Int+6}
     1 | D        | Found the +7 great mace "Firestarter" {inner flame, rF++}
     1 | D        | Found a transporter.
     1 | D        | Found a viscous altar of Jiyva.
     1 | D        | Found an ancient bone altar of Kikubaaqudgha.
     1 | D        | Found a hazy altar of Hepliaklqana.
     1 | D        | Found a corrupted altar of Lugonu.
     1 | D        | Found an opulent altar of Gozag.
     1 | D        | Found a burning altar of Makhleb.
    11 | D        | Found a stormy altar of Qazlal.
    11 | D        | Found an iron altar of Okawaru.
    11 | D        | Found a sacrificial altar of Ru.
    11 | D        | Found a sparkling altar of Nemelex Xobeh.
    11 | D        | Found a shimmering blue altar of Sif Muna.
    11 | D        | Found a bloodstained altar of Trog.
    18 | D        | Found the +9 heavy crossbow "Sniper" {velocity, Acc+∞ SInv}
    18 | D        | Found the +10 dark maul {crush}
    18 | D        | Found the +15 Maxwell's patent armour {-Cast -Tele rElec
                  | MR+ rCorr}
    18 | D        | Found the +18 shield of the Gong {rElec rN+ MR+ EV-5}
    18 | D        | Found the cursed +14 obsidian axe {chop, +Fly SInv *Curse}
    19 | D        | Found the +6 shillelagh "Devastator" {shatter}
    19 | D        | Found the +11 plutonium sword {*Contam Stlth-}
    19 | D        | Found the +8 lance "Wyrmbane" {slay drac, rPois rF+ rC+
                  | AC+3}
    19 | D        | Found the +9 sword of Zonguldrok {reap}
    19 | D        | Found the cursed +13 scythe of Curses {drain, *Curse}
    19 | D        | Found the +0 sword of Power
    19 | D        | Found the +7 mace of Variability {chain chaos}
    19 | D        | Found the +7 Singing Sword {slice, sonic wave}
    19 | D        | Found the +8 storm bow {elec, penet}
    83 | D        | Entered arena 2.
    83 | D        | Noticed an eye of draining
    83 | D        | Noticed a slime creature
    83 | D        | Found a transporter.
    89 | D        | Killed a slime creature
    89 | D        | Reached skill level 5 in Axes
    89 | D        | Reached skill level 5 in Shields
    89 | D        | Reached XP level 2. HP: 23/23 MP: 0/2
    89 | D        | Reached XP level 3. HP: 28/28 MP: 0/3
    89 | D        | Reached XP level 4. HP: 32/32 MP: 0/4
    89 | D        | Reached XP level 5. HP: 37/37 MP: 0/5
    89 | D        | Killed an eye of draining
    89 | D        | Reached skill level 5 in Armour
    89 | D        | Reached XP level 6. HP: 44/44 MP: 0/6
   135 | D        | Entered arena 3.
   135 | D        | Found a transporter.
   137 | D        | Reached ** piety under Trog
   150 | D        | Entered arena 4.
   150 | D        | Noticed a merfolk
   150 | D        | Noticed a merfolk
   150 | D        | Noticed a merfolk
   150 | D        | Noticed a merfolk
   150 | D        | Found a transporter.
   151 | D        | Identified the +1 short sword "Eviscerator" {holy, *Noise
                  | rElec MR+ Int+3}
   158 | D        | Killed a merfolk
   158 | D        | Reached XP level 7. HP: 50/50 MP: 7/7
   162 | D        | Killed a merfolk
   162 | D        | Reached *** piety under Trog
   170 | D        | Killed a merfolk
   170 | D        | Reached skill level 10 in Fighting
   170 | D        | Reached skill level 5 in Dodging
   170 | D        | Reached XP level 8. HP: 48/57 MP: 8/8
   190 | D        | Killed a merfolk
   246 | D        | Entered arena 5.
   246 | D        | Noticed a yaktaur
   246 | D        | Noticed a yaktaur
   246 | D        | Found a transporter.
   251 | D        | Killed a yaktaur
   251 | D        | Reached skill level 10 in Shields
   251 | D        | Reached **** piety under Trog
   255 | D        | Killed a yaktaur
   255 | D        | Reached XP level 9. HP: 60/64 MP: 9/9
   365 | D        | Entered arena 6.
   365 | D        | Noticed a toenail golem
   365 | D        | Noticed a toenail golem
   365 | D        | Noticed a toenail golem
   365 | D        | Noticed a toenail golem
   365 | D        | Noticed a toenail golem
   365 | D        | Found a transporter.
   370 | D        | Killed a toenail golem
   370 | D        | Reached skill level 10 in Axes
   374 | D        | Killed a toenail golem
   374 | D        | Killed a toenail golem
   374 | D        | Reached ***** piety under Trog
   377 | D        | Killed a toenail golem
   378 | D        | Killed a toenail golem
   378 | D        | Reached XP level 10. HP: 72/72 MP: 10/10
   384 | D        | Got the ring of the Stag {Ice rPois Str+5}
   434 | D        | Entered arena 7.
   434 | D        | Noticed a tentacled starspawn
   435 | D        | Found a transporter.
   442 | D        | Killed a tentacled starspawn
   445 | D        | Received a gift from Trog
   595 | D        | Entered arena 8.
   595 | D        | Noticed a cyclops
   595 | D        | Noticed a cyclops
   595 | D        | Noticed a cyclops
   595 | D        | Noticed a cyclops
   596 | D        | Found a transporter.
   601 | D        | Killed a cyclops
   601 | D        | Reached skill level 10 in Armour
   606 | D        | Killed a cyclops
   606 | D        | Killed a cyclops
   606 | D        | Reached XP level 11. HP: 80/80 MP: 11/11
   607 | D        | Killed a cyclops
   607 | D        | Received a gift from Trog
   703 | D        | Entered arena 9.
   704 | D        | Found a transporter.
   711 | D        | Reached ****** piety under Trog
   729 | D        | Got the amulet of Xom's Absentmindedness {RegenMP rC+}
   765 | D        | Entered arena 10.
   765 | D        | Noticed a shining eye
   767 | D        | Found a transporter.
   772 | D        | Received a gift from Trog
   775 | D        | Received a gift from Trog
   778 | D        | Killed a shining eye
   834 | D        | Got the ring of Hupt {rC+++ rN+ rCorr Dex-4}
   845 | D        | Entered arena 11.
   854 | D        | Received a gift from Trog
   856 | D        | Reached skill level 15 in Fighting
   858 | D        | Found a transporter.
   875 | D        | Got the ring "Cesum" {*Slow MP+9 Str+2 Stlth+}
   883 | D        | Entered arena 12.
   884 | D        | Noticed a four-headed hydra
   884 | D        | Noticed a fire dragon
   884 | D        | Noticed a swamp dragon
   885 | D        | Found a transporter.
   891 | D        | Received a gift from Trog
   894 | D        | Reached skill level 15 in Shields
   895 | D        | Received a gift from Trog
   898 | D        | Killed a swamp dragon
   899 | D        | Killed a 15-headed hydra
   899 | D        | Killed a fire dragon
   982 | D        | Entered arena 13.
   982 | D        | Noticed a wolf spider
   982 | D        | Noticed an orb spider
   982 | D        | Noticed a wolf spider
   983 | D        | Noticed a wolf spider
   984 | D        | Found a transporter.
   987 | D        | Killed a wolf spider
   988 | D        | Reached XP level 12. HP: 88/88 MP: 12/12
   991 | D        | Received a gift from Trog
  1017 | D        | Got the amulet of the Saviour {Harm *Drain rF+ Str+2 Int+8
                  | Dex-3}
  1046 | D        | Entered arena 14.
  1047 | D        | Noticed an iron dragon
  1047 | D        | Noticed an iron dragon
  1047 | D        | Noticed an iron golem
  1047 | D        | Noticed a crystal guardian
  1047 | D        | Noticed an iron golem
  1047 | D        | Noticed an iron golem
  1048 | D        | Noticed a quicksilver dragon
  1048 | D        | Noticed a crystal guardian
  1048 | D        | Noticed an iron golem
  1048 | D        | Noticed an iron dragon
  1050 | D        | Found a transporter.
  1054 | D        | Killed a crystal guardian
  1054 | D        | Received a gift from Trog
  1056 | D        | Killed a quicksilver dragon
  1067 | D        | Killed an iron golem
  1067 | D        | Killed a crystal guardian
  1069 | D        | Killed an iron dragon
  1069 | D        | Reached skill level 10 in Dodging
  1071 | D        | Killed an iron golem
  1072 | D        | Killed an iron dragon
  1072 | D        | Reached skill level 15 in Axes
  1089 | D        | Killed an iron golem
  1090 | D        | Killed an iron golem
  1090 | D        | Received a gift from Trog
  1092 | D        | Killed an iron dragon
  1092 | D        | Reached XP level 13. HP: 72/97 MP: 13/13
  1101 | D        | Got the ring of Byruem {Ice rPois Int+2 Slay+2}
  1107 | D        | Got the ring "Kiriw" {MP+9 Str+5 Int+10 Dex-5}
  1238 | D        | Entered arena 15.
  1239 | D        | Noticed an acid blob
  1240 | D        | Noticed an acid blob
  1240 | D        | Noticed a death ooze
  1240 | D        | Noticed a great orb of eyes
  1240 | D        | Noticed a death ooze
  1242 | D        | Found a transporter.
  1249 | D        | Killed a death ooze
  1251 | D        | Killed an acid blob
  1251 | D        | Killed a death ooze
  1251 | D        | Received a gift from Trog
  1254 | D        | Killed an acid blob
  1259 | D        | Killed a great orb of eyes
  1290 | D        | Got the +10 broad axe of the First Wonders {antimagic, +Inv
                  | MR+}
  1302 | D        | Identified a +0 pair of boots of running (You found it in
                  | the Dungeon)
  1304 | D        | Entered arena 16.
  1304 | D        | Noticed a balrug
  1311 | D        | Killed a balrug
  1311 | D        | Received a gift from Trog
  1314 | D        | Found a transporter.
  1316 | D        | Received a gift from Trog
  1377 | D        | Entered arena 17.
  1380 | D        | Noticed an entropy weaver
  1388 | D        | Received a gift from Trog
  1392 | D        | Received a gift from Trog
  1397 | D        | Killed an entropy weaver
  1398 | D        | Found a transporter.
  1465 | D        | Entered arena 18.
  1468 | D        | Noticed a deep elf annihilator
  1468 | D        | Noticed a deep elf annihilator
  1468 | D        | Noticed a deep elf master archer
  1469 | D        | Noticed a deep elf blademaster
  1469 | D        | Noticed a deep elf blademaster
  1469 | D        | Noticed a deep elf blademaster
  1469 | D        | Noticed a deep elf master archer
  1471 | D        | Found a transporter.
  1477 | D        | Received a gift from Trog
  1477 | D        | Received a gift from Trog
  1479 | D        | Killed a deep elf blademaster
  1479 | D        | Gained mutation: Your large and strong wings let you fly
                  | indefinitely. [Gargoyle growth]
  1479 | D        | Reached XP level 14. HP: 106/106 MP: 4/14
  1479 | D        | Killed a deep elf annihilator
  1482 | D        | Killed a deep elf blademaster
  1483 | D        | Received a gift from Trog
  1486 | D        | Killed a deep elf master archer
  1489 | D        | Killed a deep elf master archer
  1489 | D        | Received a gift from Trog
  1493 | D        | Killed a deep elf blademaster
  1493 | D        | Reached skill level 15 in Armour
  1495 | D        | Killed a deep elf annihilator
  1573 | D        | Got the ring "Weakiq" {rPois MR+ Int+4 Dex+4}
  1575 | D        | Got the +2 pair of gloves of the Original Sin {rN+}
  1582 | D        | Got the +2 cloak "Akucuuh" {+Inv MR+ Regen+}
  1604 | D        | Entered arena 19.
  1611 | D        | Found a transporter.
  1619 | D        | Received a gift from Trog
  1629 | D        | Received a gift from Trog
  1665 | D        | Got the ring of Wawust {Ice rElec rN+ MR- Stlth+}
  1741 | D        | Entered arena 20.
  1743 | D        | Received a gift from Trog
  1751 | D        | Found the +0 staff of Battle
  1752 | D        | Found a transporter.
  1758 | D        | Received a gift from Trog
  1760 | D        | Received a gift from Trog
  1771 | D        | Reached XP level 15. HP: 115/115 MP: 5/15
  1793 | D        | Got the amulet of the Skies Above {Acrobat rC+ Str-3 Int+2
                  | Dex+8}
  1823 | D        | Reached XP level 16. HP: 121/121 MP: 5/16
  1829 | D        | Entered arena 21.
  1834 | D        | Identified the cursed +1 dagger of Wealth {freeze, Fragile
                  | rN+ Stlth+}
  1835 | D        | Noticed a black draconian monk
  1837 | D        | Found a transporter.
  1849 | D        | Received a gift from Trog
  1854 | D        | Received a gift from Trog
  1859 | D        | Received a gift from Trog
  1863 | D        | Received a gift from Trog
  1865 | D        | Killed a black draconian monk
  1875 | D        | Received a gift from Trog
  1887 | D        | Received a gift from Trog
  1951 | D        | Got the ring "Etzul" {rC+ rCorr Str+8}
  1959 | D        | Got a pitted cloak
  1970 | D        | Identified the -3 cloak "Tidor" {rPois} (You acquired it in
                  | the Dungeon)
  2006 | D        | Entered arena 22.
  2011 | D        | Noticed a purple draconian monk
  2012 | D        | Identified the ring "Kautemer" {*Contam rN+ MP+9 EV+1
                  | Int+3}
  2024 | D        | Received a gift from Trog
  2030 | D        | Killed a purple draconian monk
  2039 | D        | Received a gift from Trog
  2039 | D        | Reached XP level 17. HP: 132/132 MP: 5/17
  2047 | D        | Received a gift from Trog
  2063 | D        | Received a gift from Trog
  2080 | D        | Identified the +8 war axe of Gluttony {chop, Str+2} (Trog
                  | gifted it to you in the Dungeon)
  2138 | D        | Found a transporter.
  2168 | D        | Entered arena 23.
  2168 | D        | Identified the ring "Zughais" {Int+2 Dex+2}
  2174 | D        | Identified the amulet of Scepticism {Faith +Inv}
  2179 | D        | Identified the ring of Zuar {Wiz +Blink SInv}
  2183 | D        | Received a gift from Trog
  2183 | D        | Identified the +6 quarterstaff "Uledaap" {flame, +Rage rN++
                  | Int-5}
  2183 | D        | Identified the +10 plate armour of Ru's Generosity {rElec
                  | rF+++ Str+5 Slay-5}
  2183 | D        | Noticed a lich
  2188 | D        | Reached skill level 15 in Dodging
  2188 | D        | Received a gift from Trog
  2193 | D        | Received a gift from Trog
  2196 | D        | Received a gift from Trog
  2201 | D        | Killed a lich
  2203 | D        | Received a gift from Trog
  2210 | D        | Received a gift from Trog
  2300 | D        | Found a transporter.
  2316 | D        | Got the +2 pair of gloves "Pefafola" {MR+}
  2324 | D        | Entered arena 24.
  2333 | D        | Received a gift from Trog
  2341 | D        | Received a gift from Trog
  2346 | D        | Received a gift from Trog
  2353 | D        | Received a gift from Trog
  2360 | D        | Received a gift from Trog
  2366 | D        | Found a transporter.
  2527 | D        | Entered arena 25.
  2545 | D        | Received a gift from Trog
  2551 | D        | Received a gift from Trog
  2554 | D        | Reached XP level 18. HP: 144/144 MP: 0/18
  2557 | D        | Received a gift from Trog
  2564 | D        | Received a gift from Trog
  2574 | D        | Received a gift from Trog
  2584 | D        | Reached skill level 27 in Fighting
  2594 | D        | Received a gift from Trog
  2594 | D        | Reached skill level 27 in Shields
  2606 | D        | Found a transporter.
  2689 | D        | Got the ring of Bomigeis {MR+ rCorr}
  2716 | D        | Got the ring of Zin's Regard {rElec rN++ Str+3 Dex+4
                  | Slay-2}
  2720 | D        | Got the +2 pair of boots of Greed {rF+}
  2761 | D        | Got an iridescent broad axe {god gift}
  2765 | D        | Identified the +4 broad axe of Diod {chop, rPois Str-5
                  | Dex+7 SInv} (Trog gifted it to you in the Dungeon)
  2783 | D        | Entered arena 26.
  2793 | D        | Noticed an Ice Fiend
  2793 | D        | Noticed an Ice Fiend
  2794 | D        | Noticed an Ice Fiend
  2795 | D        | Found the +0 Maxwell's etheric cage {RegenMP+ *Contam rElec
                  | MP+4}
  2801 | D        | Received a gift from Trog
  2803 | D        | HP: 1/217 [frost giant/bolt of cold (29)]
  2803 | D        | Killed from afar by an ice dragon

Levels and vault maps discovered:
D:        sprint_v [room_start, room_1, room_2, room_3, room_4, room_5, room_6,
          room_7, room_8, room_9, room_10, room_11, room_12, room_13, room_14,
          room_15, room_16, room_17, room_18, room_19, room_20, room_21,
          room_22, room_23, room_24, room_25, room_26, room_27]

Skill      XL: |  1  2  3  4  5  6  7  8  9 10 11 12 13 14 15 16 17 18 |
---------------+-------------------------------------------------------+-----
Fighting       | 6 7 8 10 11 12 14 15 17 19 21 24 26 27 | 27.0
Axes           | 5 6 7 8 9 10 12 13 15 18 19 21 23 24 | 24.7
Armour         | 4 5 6 8 9 10 11 12 14 15 16 18 19 20 | 20.6
Dodging        | 3 4 5 6 7 9 10 11 12 14 16 | 16.6
Shields        | 5 6 8 9 10 12 13 15 17 19 21 24 26 27 | 27.0

Action                   |  1- 3 |  4- 6 |  7- 9 | 10-12 | 13-15 | 16-18 || total
-------------------------+-------+-------+-------+-------+-------+-------++-------
Melee: Broad axe         |     5 |     7 |    43 |   106 |   117 |   251 ||   529
Invok: Berserk           |     1 |     1 |     2 |     7 |     6 |     6 ||    23
       Trog's Hand       |       |       |     1 |     1 |       |     2 ||     4
       Brothers in Arms  |       |       |       |     3 |       |     4 ||     7
 Abil: Fly               |       |       |       |       |     1 |       ||     1
  Use: Potion            |       |       |     1 |     2 |     1 |     1 ||     5
       Scroll            |       |       |       |     1 |     2 |     3 ||     6
 Stab: Distracted        |       |       |       |     1 |       |       ||     1
       Petrified         |       |       |       |       |     7 |     2 ||     9
       Petrifying        |       |       |       |       |     1 |     3 ||     4
  Eat: Chunk             |       |       |     1 |    11 |     9 |    10 ||    31
Armor: Plate armour      |     2 |     2 |    15 |   116 |    77 |   179 ||   391
Dodge: Dodged            |       |     1 |     2 |    39 |    19 |    84 ||   145
Block: Shield            |     2 |    13 |    68 |   257 |   159 |   503 ||  1002
